 Dungeon Crawl Stone Soup version 0.27.1-2-g3b301248ec (webtiles) character file.

Game seed: 9535951016946716757

37 Jahmms the Chopper (level 3, -3/33 HPs)
             Began as a Hill Orc Monk on Oct 1, 2021.
             Slain by an orc (4 damage)
             ... on level 3 of the Dungeon.
             The game lasted 00:09:06 (1452 turns).

Jahmms the Chopper (Hill Orc Monk)                  Turns: 1452, Time: 00:09:06

Health: -3/33      AC:  9    Str: 14    XL:     3   Next: 39%
Magic:  3/3        EV:  6    Int: 10    God:
Gold:   43         SH:  0    Dex: 13    Spells: 2/2 levels left

rFire    . . .     SeeInvis .   c - +0 flail
rCold    . . .     Faith    .   (no shield)
rNeg     . . .     Spirit   .   o - +0 chain mail
rPois    +         Reflect  .   (no helmet)
rElec    .         Harm     .   (no cloak)
rCorr    .         Rampage  .   (no gloves)
Will     +....                  i - +0 pair of boots
Stlth    ..........             (no amulet)
HPRegen  0.11/turn              g - ring of poison resistance
MPRegen  0.08/turn              h - ring of willpower

@: no status effects
A: no striking features
a: no special abilities


You were on level 3 of the Dungeon.
You visited 1 branch of the dungeon, and saw 3 of its levels.

You collected 43 gold pieces.

Inventory:

Hand Weapons
 a - a +0 hand axe
 c - a +0 flail (weapon)
 d - a +0 dagger
 j - a +0 club
 l - a +0 dagger
Armour
 b - a +0 robe
 i - a +0 pair of boots (worn)
 o - a +0 chain mail (worn)
Jewellery
 g - a ring of poison resistance (left hand)
 h - a ring of willpower (right hand)
 n - a ring of magical power
Scrolls
 e - a scroll of vulnerability {unknown}
 f - a scroll of noise {unknown}
 k - a scroll of holy word {unknown}
 m - a scroll of blinking {unknown}


   Skills:
 + Level 4.1 Fighting
 + Level 4.4(4.6) Axes
 + Level 1.3(2.7) Maces & Flails
 + Level 0.2 Armour
 + Level 2.6 Dodging
 + Level 1.7 Stealth


You had 2 spell levels left.
You didn't know any spells.
Your spell library was empty.

Dungeon Overview and Level Annotations

Branches:
Dungeon (3/15)

Altars:
Makhleb

Shops:
D:1 ?


Message History

The orc hits you but does no damage. x2; The orc closely misses you.
You sock the orc!
You kill the orc!
The orc hits you from afar with a +0 trident.
The orc hits you but does no damage. The adder bites you but does no damage.
You miss the adder.
The orc hits you from afar with a +0 trident.
* * * LOW HITPOINT WARNING * * *
The adder bites you but does no damage. The orc hits you but does no damage.
The orc barely misses you. The adder bites you but does no damage.
You hit the adder.
The adder is moderately wounded.
The orc hits you but does no damage. The adder barely misses you.
The orc hits you but does no damage. The orc hits you with a +0 falchion.
* * * LOW HITPOINT WARNING * * *
You thump the adder!
You kill the adder!
The orc hits you but does no damage. The orc hits you with a +0 falchion.
* * * LOW HITPOINT WARNING * * *
h - a ring of willpower (right hand)
The orc barely misses you.
You barely miss the orc. The orc hits you but does no damage.
The orc barely misses you. The orc hits you with a +0 falchion.
* * * LOW HITPOINT WARNING * * *
You hit the orc.
The orc is heavily wounded.
The orc hits you but does no damage. The orc closely misses you.
The orc hits you but does no damage. The orc hits you but does no damage.
The orc hits you from afar with a +0 trident.
* * * LOW HITPOINT WARNING * * *
The orc barely misses you. The orc hits you but does no damage.
The orc hits you from afar with a +0 trident.
* * * LOW HITPOINT WARNING * * *
The orc hits you with a +0 trident.
* * * LOW HITPOINT WARNING * * *
You hit the orc but do no damage. The orc completely misses you.
The orc hits you but does no damage. The orc hits you with a +0 trident.
You die...

#..###......####...
##...###.......)...
###..#..######....
##.#.## ##(..
####.#.## ###
#.>.....# #.......#
#oo.....# #@).....#
#......>#
##.......#
#........#
#.######## #.# #.#
#†# #.####


You could see 2 orcs.

Vanquished Creatures
  2 adders (D:3)
  An orc (D:3)
  4 ball pythons (D:1)
  2 giant cockroaches
  A goblin (D:1)
  2 hobgoblins (D:1)
  A frilled lizard (D:1)
  4 kobolds
  2 rats
19 creatures vanquished.

Notes
Turn   | Place    | Note
-------+----------+-------------------------------------------
     0 | D:1      | Jahmms the Hill Orc Monk began the quest for the Orb.
     0 | D:1      | Reached XP level 1. HP: 19/19 MP: 1/1
   501 | D:1      | Found Zuraubuo's Magic Scroll Shoppe.
   529 | D:1      | Reached XP level 2. HP: 24/27 MP: 2/2
  1222 | D:1      | Found a burning altar of Makhleb.
  1342 | D:3      | Reached skill level 1 in Maces & Flails
  1342 | D:3      | Reached XP level 3. HP: 24/33 MP: 3/3
  1451 | D:3      | HP: 1/33 [orc (2)]
  1452 | D:3      | Slain by an orc

Illustrated notes

Levels and vault maps discovered:
D:1:      dpeg_arrival_water_altar, layout_loops_ring, serial_shops,
          nicolae_lakefront_shop, kennysheep_doodads
D:2:      layout_rooms, chequers_ecumenical_altar_simple, basic_altar
D:3:      layout_rooms, nicolae_elyvilon_peaceful_grove, roderic_roman_lattice,
          uniq_sigmund

Skill      XL: |  1  2 |
---------------+-------+-----
Fighting       | 4 |  4.1
Maces & Flails | 1 |  1.3
Axes           | |  4.4
Armour         | |  0.2
Dodging        | |  2.6
Stealth        | |  1.7

Action                   || total
-------------------------++-------
Melee: Flail             ||    67
       Hand axe          ||     1
 Stab: Sleeping          ||     1
Armor: Robe              ||    13
       Chain mail        ||    28
Dodge: Dodged            ||    51
